 Dungeon Crawl Stone Soup version 0.25.1-8-g42b30a86e7 (webtiles) character file.

Game seed: 17230383661962867538

8863 Araneus the Martial Artist (level 11, -4/81 HPs)
             Began as a Demonspawn Monk on Dec 16, 2020.
             Was a High Priest of Qazlal.
             Slain by a black mamba (11 damage)
             ... on level 1 of the Lair of Beasts on Dec 18, 2020.
             The game lasted 00:27:19 (8689 turns).

Araneus the Martial Artist (Demonspawn Monk)        Turns: 8689, Time: 00:27:19

Health: -4/81      AC: 10    Str: 14    XL:     11   Next: 15%
Magic:  17/17      EV: 14    Int: 12    God:    Qazlal [*****.]
Gold:   459        SH:  6    Dex: 16    Spells: 10/10 levels left

rFire    . . .     SeeInvis .     - Unarmed
rCold    + . .     Gourm    .   (no shield)
rNeg     . . .     Faith    .   g - +1 ring mail
rPois    .         Spirit   .   (helmet restricted)
rElec    .         Reflect  .   (no cloak)
rCorr    .         Harm     .   (no gloves)
MR       .....                  (no boots)
Stlth    +.........             (no amulet)
HPRegen  0.23/turn              (no ring)
MPRegen  0.15/turn              (no ring)

@: protected from physical damage, repel missiles
A: claws 1, horns 2, talons 1, cold resistance 1, demonic guardian 1, powered by
death 2, screaming 1
a: Upheaval, Elemental Force, Disaster Area, Renounce Religion


You were on level 1 of the Lair of Beasts.
You worshipped Qazlal.
Qazlal was extremely pleased with you.
You were not hungry.

You visited 3 branches of the dungeon, and saw 12 of its levels.
You also visited: Sewer.

You collected 537 gold pieces.
You spent 78 gold pieces at shops.

Inventory:

Armour
 g - a +1 ring mail (worn)
 w - a +0 leather armour
Jewellery
 j - an uncursed ring of fire {unknown}
 l - a +6 ring of dexterity {unknown}
 n - an uncursed ring of protection from fire
Wands
 e - a wand of iceblast (9)
 p - a wand of digging (1)
 r - a wand of paralysis (9)
Scrolls
 a - 2 scrolls of enchant armour
 d - 9 scrolls of magic mapping
 f - a scroll of amnesia
 m - 4 scrolls of immolation
 s - a scroll of blinking
 t - a scroll of teleportation
 y - a scroll of fog
Potions
 c - a potion of haste
 h - 2 potions of berserk rage
 i - a potion of lignification
 k - 5 potions of might
 o - 2 potions of stabbing
 q - 5 potions of curing
 x - a potion of magic
 C - a potion of resistance {unknown}
Comestibles
 b - 11 rations


   Skills:
 * Level 5.6 Fighting
 - Level 6.5 Armour
 + Level 6.1 Dodging
 - Level 1.7 Stealth
 + Level 11.9 Unarmed Combat
 - Level 8.6 Invocations


You had 10 spell levels left.
You didn't know any spells.
Your spell library contained the following spells:

 Spells                   Type           Power        Failure   Level  Hunger
 Beastly Appendage        Tmut           #.....       52%         1    ##.....
 Sticks to Snakes         Tmut           #.......     67%         2    ###....
 Spider Form              Tmut/Pois      #.........   88%         3    ####...
 Ice Form                 Ice/Tmut       #.......     99%         4    #####..
 Blade Hands              Tmut           #.........   100%        5    ######.


Dungeon Overview and Level Annotations

Branches:
Dungeon (10/15)            Temple (1/1) D:4            Lair (1/6) D:8
  Sewer (visited)
    Orc: D:9-12

Altars:
Ashenzari
Cheibriados
Dithmenos
Elyvilon
Fedhas
Gozag
Kikubaaqudgha
Makhleb
Nemelex Xobeh
Okawaru
Qazlal
Ru
Sif Muna
Trog
Uskayaw
Vehumet
Wu Jian
Xom
Yredelemnul
Zin

Shops:
D:4 %   D:7 *


Innate Abilities, Weirdness & Mutations

You have sharp fingernails.
You have a pair of horns on your head.
You have sharp toenails.
A weak demonic guardian rushes to your aid.
You regenerate health from kills.
Your flesh is cold resistant. (rC+)
You occasionally shout uncontrollably at your foes.


Message History

The polar bear bites your iron imp!
Your iron imp dies!
The six-headed hydra is engulfed in blazing flames.
Your white imp gestures at the polar bear.
The puff of frost hits the polar bear.
The polar bear resists.
The six-headed hydra bites your white imp!
The six-headed hydra barely misses your white imp.
The six-headed hydra bites your white imp!
Your white imp dies!
Your quasit bites the polar bear but does no damage.
Your quasit barely misses the polar bear.
Your quasit claws the polar bear but does no damage.
Your quasit bites the polar bear.
Your quasit barely misses the polar bear. x2
You shout at the porcupine!
A black mamba and a porcupine come into view.
The black mamba hisses angrily.
Your quasit bites the six-headed hydra.
Your quasit claws the six-headed hydra. x2
The black mamba bites you!
You die...

...P........
##...........♣
###.#P.r#....#.P .#
....P.#.P.....♣.P .....
............... ....P
...○......... .....##
##.........P
.#.....####.hS@....#
..........5..○#....#
#......#D..○##.☼..#
P#.......###.##.<..##..
.......h#######.........
..........5Dh...........
.##########.#######.##.#
### ## #


You could see a six-headed hydra, 2 polar bears, a black mamba, a porcupine and
a friendly quasit (summoned).

Vanquished Creatures
  A two-headed ogre (D:8)
  2 polar bears (Lair:1)
  2 hippogriffs
  Sigmund (D:2)
  Menkaure (D:6)
  3 wargs (D:8)
  Duvessa (D:6)
  A phantom (D:7)
  2 black bears
  3 ice beasts
  2 ogres
  A centaur (D:4)
  A big kobold (D:7)
  Blork the orc (D:6)
  5 bullfrogs
  Dowan (D:6)
  A scorpion (D:8)
  4 jellies
  5 wights (D:7)
  A howler monkey (D:4)
  2 crimson imps
  A quasit (D:8)
  Crazy Yiuf (D:2)
  3 hounds
  An orc priest (D:4)
  5 orc wizards
  3 bullfrog skeletons
  Ijyb (D:3)
  Terence (D:2)
  8 worker ants
  Natasha (thrice) (D:2)
  2 iguanas (D:8)
  Robin (D:3)
  3 gnolls (D:6)
  9 river rats
  18 adders
  5 oozes
  An adder skeleton (D:6)
  5 worms
  4 dart slugs (D:1)
  2 leopard geckos
  20 orcs
  6 ball pythons
  9 bats
  7 giant cockroaches
  8 goblins
  11 hobgoblins
  2 jackals (D:5)
  8 kobolds
  2 quokkas
  5 frilled lizards
  A jackal skeleton (D:6)
  A quokka zombie (D:7)
  28 rats
226 creatures vanquished.

Vanquished Creatures (collateral kills)
  Maggie (D:7)
  A black bear (D:9)
  A scorpion (D:4)
  2 hound skeletons
  2 adders (Sewer)
  An adder skeleton (D:4)
  A leopard gecko (D:10)
  2 quokkas
  2 ball pythons (Sewer)
  A frilled lizard (Sewer)
  3 kobolds (D:7)
17 creatures vanquished.

Vanquished Creatures (others)
  An orc wizard (D:8)
  A quokka (D:8)
2 creatures vanquished.

Grand Total: 245 creatures vanquished

Notes
Turn   | Place    | Note
-------+----------+-------------------------------------------
     0 | D:1      | Araneus the Demonspawn Monk began the quest for the Orb.
     0 | D:1      | Reached XP level 1. HP: 18/18 MP: 1/1
   123 | D:1      | Reached skill level 3 in Unarmed Combat
   419 | D:1      | Gained mutation: You have sharp fingernails. [demonic
                  | ancestry]
   419 | D:1      | Reached XP level 2. HP: 15/24 MP: 2/2
  1206 | D:2      | Noticed Sigmund
  1398 | D:2      | Gained mutation: You regenerate a little health from kills.
                  | [demonic ancestry]
  1398 | D:2      | Reached XP level 3. HP: 24/29 MP: 3/3
  1457 | D:2      | Reached skill level 4 in Unarmed Combat
  1700 | D:2      | Killed Sigmund
  1700 | D:2      | Reached skill level 5 in Unarmed Combat
  1700 | D:2      | Reached XP level 4. HP: 35/35 MP: 4/4
  1700 | D:2      | Gained mutation: A weak demonic guardian rushes to your
                  | aid. [demonic ancestry]
  1700 | D:2      | Reached XP level 5. HP: 41/41 MP: 5/5
  1915 | D:2      | Noticed Natasha
  1924 | D:2      | Reached skill level 6 in Unarmed Combat
  1927 | D:2      | Killed Natasha
  1975 | D:2      | Noticed Natasha
  1993 | D:2      | Killed Natasha
  1993 | D:2      | Gained mutation: You have a pair of small horns on your
                  | head. [demonic ancestry]
  1993 | D:2      | Reached XP level 6. HP: 37/47 MP: 6/6
  2035 | D:2      | Noticed Natasha
  2042 | D:2      | Killed Natasha
  2148 | D:2      | Noticed Terence
  2176 | D:2      | Killed Terence
  2465 | D:2      | Found a runed translucent door.
  2466 | D:2      | Noticed Crazy Yiuf
  2474 | D:2      | Killed Crazy Yiuf
  2790 | D:2      | Found a blossoming altar of Fedhas.
  2790 | D:2      | Found an ancient bone altar of Kikubaaqudgha.
  3018 | D:3      | Found an ornate altar of the Wu Jian Council.
  3048 | D:3      | Noticed Ijyb
  3070 | D:3      | Killed Ijyb
  3070 | D:3      | Reached skill level 7 in Unarmed Combat
  3226 | D:3      | Noticed Robin
  3230 | D:3      | Killed Robin
  3803 | D:4      | Found Leucyax's Food Shoppe.
  3808 | D:4      | Gained mutation: You have a pair of horns on your head.
                  | [demonic ancestry]
  3808 | D:4      | Reached XP level 7. HP: 52/52 MP: 7/7
  3985 | D:4      | Found a staircase to the Ecumenical Temple.
  4010 | Temple   | Entered the Ecumenical Temple
  4378 | Temple   | Became a worshipper of Qazlal Stormbringer
  4378 | Temple   | Reached * piety under Qazlal
  4378 | Temple   | Reached ** piety under Qazlal
  4473 | D:4      | Reached skill level 8 in Unarmed Combat
  4603 | D:4      | Found a shadowy altar of Dithmenos.
  4930 | D:5      | Entered Level 5 of the Dungeon
  5006 | D:5      | Found a glowing drain.
  5013 | Sewer    | Entered a sewer
  5132 | Sewer    | Reached skill level 1 in Armour
  5153 | Sewer    | Reached *** piety under Qazlal
  5228 | Sewer    | Reached XP level 8. HP: 32/58 MP: 8/8
  5327 | Sewer    | Reached skill level 9 in Unarmed Combat
  5411 | D:5      | Found a shattered altar of Ashenzari.
  5411 | D:5      | Found a shimmering blue altar of Sif Muna.
  5467 | D:5      | Noticed a hippogriff
  5475 | D:5      | Killed a hippogriff
  5475 | D:5      | Reached **** piety under Qazlal
  6229 | D:6      | Noticed Blork the orc
  6239 | D:6      | Killed Blork the orc
  6396 | D:6      | Noticed Menkaure
  6399 | D:6      | Killed Menkaure
  6575 | D:6      | Gained mutation: You have sharp toenails. [demonic
                  | ancestry]
  6575 | D:6      | Reached XP level 9. HP: 37/63 MP: 9/9
  6577 | D:6      | Noticed Duvessa
  6580 | D:6      | Noticed Dowan
  6588 | D:6      | Killed Duvessa
  6588 | D:6      | Reached skill level 10 in Unarmed Combat
  6589 | D:6      | Killed Dowan
  6590 | D:6      | Found a basalt altar of Yredelemnul.
  7097 | D:7      | Reached skill level 1 in Invocations
  7169 | D:7      | Noticed Maggie
  7183 | D:7      | Killed Maggie
  7260 | D:7      | Found Dumaph's Assorted Antiques.
  7265 | D:7      | Bought a bubbling purple potion for 18 gold pieces
  7265 | D:7      | Bought a scroll of identify for 40 gold pieces
  7265 | D:7      | Bought a scroll labeled MESUNN VEMPI for 20 gold pieces
  7374 | D:7      | Reached skill level 5 in Armour
  7593 | D:7      | You fall into a shaft and drop 3 floors!
  7593 | D:10     | Entered Level 10 of the Dungeon
  7595 | D:10     | Noticed a green ugly thing
  7656 | D:9      | Noticed a two-headed ogre
  7673 | D:8      | Gained mutation: You occasionally shout uncontrollably at
                  | your foes. [potion of mutation]
  7673 | D:8      | Gained mutation: Your flesh is cold resistant. (rC+)
                  | [potion of mutation]
  7676 | D:8      | Reached skill level 5 in Fighting
  7676 | D:8      | Reached skill level 5 in Dodging
  7676 | D:8      | Reached skill level 11 in Unarmed Combat
  7676 | D:8      | Gained mutation: You regenerate health from kills. [demonic
                  | ancestry]
  7676 | D:8      | Reached XP level 10. HP: 24/74 MP: 12/16
  7792 | D:8      | Found a white marble altar of Elyvilon.
  7793 | D:8      | Reached ***** piety under Qazlal
  8244 | D:8      | Noticed a two-headed ogre
  8248 | D:8      | Found a staircase to the Lair.
  8256 | D:8      | Killed a two-headed ogre
  8256 | D:8      | Reached XP level 11. HP: 61/80 MP: 17/17
  8474 | D:8      | Found a sparkling altar of Nemelex Xobeh.
  8654 | Lair:1   | Entered Level 1 of the Lair of Beasts
  8663 | Lair:1   | Noticed a six-headed hydra
  8673 | Lair:1   | HP: 4/81 [polar bear (2)]
  8689 | Lair:1   | Slain by a black mamba

Illustrated notes

Levels and vault maps discovered:
D:1:      ncdulo_wetmaze, layout_basic
D:2:      layout_basic, grunt_temple_overflow_growth_and_decay, uniq_natasha,
          uniq_sigmund, uniq_terence, uniq_crazy_yiuf_cottage
D:3:      layout_basic, old_standard_altar, serial_bayou_pond_d, uniq_robin,
          uniq_ijyb
D:4:      layout_loops_cross, minmay_temple_entry_arrows, serial_shops,
          nicolae_shop_statue_plus, first_ration,
          nicolae_dithmenos_through_a_glass_darkly
D:5:      layout_loops_corners, amethyst_overflow_temple_binary,
          portal_sewer_entry_e
D:6:      layout_basic, old_standard_altar, uniq_menkaure, uniq_blork_the_orc,
          uniq_duvessa
D:7:      layout_loops_ring, serial_shops, shop, uniq_maggie
D:8:      layout_basic, elyvilon_altar_4, erik_lair_orcish_takeover,
          basic_altar, lemuel_flamethrower_1
D:9:      layout_basic, lemuel_crystal_altar, tso_metal_star,
          hellmonk_ghost_happy_afterlife
D:10:     layout_cave_pods, zombieorc2_lemuel, minmay_misc_feat_cross
Temple:   nicolae_temple_figure_eight
Lair:1:   layout_regular_city, gammafunk_ghost_abyssal_escape,
          grunt_forest_small_clearings, cheibrodos_lair_lostbears,
          lemuel_fruit_tree, grunt_megastairs_4

Skill      XL: |  1  2  3  4  5  6  7  8  9 10 11 |
---------------+----------------------------------+-----
Unarmed Combat | 3 5 6 7 8 9 11 | 11.9
Armour         | 1 4 6 |  6.5
Dodging        | 3 5 6 |  6.1
Invocations    | 8 |  8.6
Fighting       | 5 |  5.6
Stealth        | |  1.7

Action                   |  1- 3 |  4- 6 |  7- 9 | 10-12 || total
-------------------------+-------+-------+-------+-------++-------
Melee: Unarmed           |    90 |   166 |   360 |    76 ||   692
       Punch             |     2 |     4 |    16 |     4 ||    26
       Headbutt          |       |    25 |    58 |     9 ||    92
       Kick              |       |       |    29 |    22 ||    51
  Use: Potion            |     1 |       |     6 |     1 ||     8
       Scroll            |       |       |    12 |     7 ||    19
 Stab: Sleeping          |     1 |     2 |     1 |       ||     4
       Distracted        |       |       |       |     1 ||     1
  Eat: Chunk             |     2 |     7 |    13 |     3 ||    25
Armor: Robe              |    10 |       |       |       ||    10
       Ring mail         |    13 |    34 |   126 |    22 ||   195
Dodge: Dodged            |    64 |    71 |   227 |    47 ||   409
       Repelled          |       |       |     6 |       ||     6
Block: Other             |       |       |    78 |    27 ||   105
